 Dungeon Crawl Stone Soup version 0.24.0-123-gd5b16e6ec5 (webtiles) character file.

Game seed: 14705201828577429606, levelgen mode: deterministic

798 Elellon the Cudgeler (level 7, -2/44 HPs)
             Began as a Gargoyle Fighter on Jan 8, 2020.
             Slain by an ogre
             ... wielding a +0 giant club
              (20 damage)
             ... on level 4 of the Dungeon.
             The game lasted 00:07:14 (3588 turns).

Elellon the Cudgeler (Gargoyle Fighter)             Turns: 3588, Time: 00:07:14

Health: -2/44      AC: 13    Str: 21    XL:     7   Next: 89%
Magic:  7/7        EV:  7    Int:  9    God:
Gold:   233        SH: 10    Dex:  9    Spells: 6/6 levels left

rFire    . . .     SeeInvis .   r - +2 whip (elec)
rCold    . . .     Gourm    .   c - +0 shield
rNeg     + . .     Faith    .   b - +0 scale mail
rPois    ∞         Spirit   .   (no helmet)
rElec    +         Reflect  .   (no cloak)
rCorr    .         Harm     .   (no gloves)
MR       .....                  p - +0 pair of boots
Stlth    ..........             (no amulet)
HPRegen  0.14/turn              (no ring)
MPRegen  0.10/turn              (no ring)

@: no status effects
A: negative energy resistance 1, electricity resistance, unbreathing,
petrification resistance, rot immunity, AC +4
a: no special abilities


You were on level 4 of the Dungeon.
You were not hungry.

You visited 1 branch of the dungeon, and saw 5 of its levels.

You collected 233 gold pieces.

Inventory:

Hand Weapons
 a - a +0 flail
 r - a +2 whip of electrocution (weapon)
Armour
 b - a +0 scale mail (worn)
 c - a +0 shield (worn)
 p - a +0 pair of boots (worn)
Jewellery
 o - an uncursed ring of wizardry {unknown}
 s - an uncursed amulet of the gourmand {unknown}
Wands
 w - a wand of scattershot (2)
Scrolls
 e - 3 scrolls of remove curse {unknown}
 g - a scroll of enchant weapon {unknown}
 h - 2 scrolls of amnesia {unknown}
 k - 2 scrolls of teleportation {unknown}
 l - a scroll of fear {unknown}
 m - a scroll of random uselessness {unknown}
 t - a scroll of fog {unknown}
 v - 2 scrolls of enchant armour {unknown}
 y - 3 scrolls of identify {unknown}
 z - a scroll of blinking {unknown}
 B - a scroll of noise {unknown}
Potions
 d - a potion of might
 i - 2 potions of lignification {unknown}
 j - a potion of berserk rage {unknown}
 n - 2 potions of brilliance {unknown}
 u - a potion of agility {unknown}
 x - a potion of magic {unknown}
 A - a potion of degeneration {unknown}
Comestibles
 f - 4 rations


   Skills:
 + Level 5.3 Fighting
 * Level 5.7 Maces & Flails
 + Level 5.3 Armour
 + Level 5.3 Shields


You had 6 spell levels left.
You didn't know any spells.
Your spell library was empty.

Dungeon Overview and Level Annotations

Branches:
Dungeon (5/15)
 Temple: D:4-7

Altars:
Kikubaaqudgha
Xom


Innate Abilities, Weirdness & Mutations

You are resistant to torment.
Your stone body is resilient. (AC +4)
You are immune to poison.
You resist negative energy. (rN+)
You are resistant to electric shocks. (rElec)
You can survive without breathing.
You are immune to petrification.
You are immune to rotting.


Message History

You whack the worker ant!
Lightning courses through the worker ant!
You kill the worker ant!
You hit the ogre.
The ogre is moderately wounded.
You block the ogre's attack.
You hit the ogre.
The ogre is moderately wounded.
The ogre hits you with a +0 giant club!!
Ouch! That really hurt!
You are too injured to fight recklessly!
You are too injured to fight recklessly!
You are too injured to fight recklessly!
You are too injured to fight recklessly!
You climb upwards.
There is a stone staircase leading down here.
You barely miss the ogre.
The ogre is moderately wounded.
The ogre hits you with a +0 giant club!!
You die...

#........#####..####
#.##.....# #.##
#.###....### #.# ..#
##.....###.# ..##
##..#..##.###### #..#
##.##..#.##...# ##.##
#.###......#.#
>#..####..####..###.#
..#.............@O.(##
#......#...###.##....#
#.######.............#
..# #..<....###...#
..#######...#..# #...#
#(........#.#.## #...#
......#####.#.# #...#
....#.#####...# #####
.............##


You could see an ogre.

Vanquished Creatures
  Grinder (D:3)
  Sigmund (D:3)
  An ice beast (D:5)
  An orc priest (D:3)
  A hound (D:4)
  2 orc wizards (D:4)
  Ijyb (D:3)
  3 worker ants
  4 adders
  An ooze (D:3)
  An adder zombie (D:5)
  A worm (D:4)
  2 dart slugs
  2 leopard geckos
  11 orcs
  A bat zombie (D:4)
  4 giant cockroaches
  7 hobgoblins
  6 jackals
  10 kobolds
  2 quokkas (D:4)
  5 bats
  6 frilled lizards
  5 goblins
  A leopard gecko skeleton (D:4)
  4 rats
84 creatures vanquished.

Notes
Turn   | Place    | Note
-------+----------+-------------------------------------------
     0 | D:1      | Elellon the Gargoyle Fighter began the quest for the Orb.
     0 | D:1      | Reached XP level 1. HP: 14/14 MP: 1/1
   199 | D:1      | Reached XP level 2. HP: 19/19 MP: 2/2
   907 | D:2      | Reached XP level 3. HP: 22/23 MP: 3/3
  1949 | D:3      | Reached XP level 4. HP: 29/29 MP: 4/4
  1998 | D:3      | Noticed Grinder
  2019 | D:3      | Killed Grinder
  2019 | D:3      | Reached XP level 5. HP: 31/34 MP: 5/5
  2019 | D:3      | Reached XP level 6. HP: 35/39 MP: 6/6
  2200 | D:3      | Found a shimmering altar of Xom.
  2219 | D:3      | Noticed Ijyb
  2231 | D:3      | Killed Ijyb
  2341 | D:3      | Noticed Sigmund
  2480 | D:3      | Killed Sigmund
  2480 | D:3      | Reached skill level 5 in Maces & Flails
  2480 | D:3      | Reached XP level 7. HP: 44/44 MP: 7/7
  2839 | D:4      | Reached skill level 5 in Fighting
  2839 | D:4      | Reached skill level 5 in Armour
  2840 | D:4      | Reached skill level 5 in Shields
  2957 | D:4      | Found an ancient bone altar of Kikubaaqudgha.
  3217 | D:5      | Entered Level 5 of the Dungeon
  3588 | D:4      | Slain by an ogre

Levels and vault maps discovered:
D:1:      onia_arrival_mini_maze_b, layout_basic
D:2:      layout_basic
D:3:      layout_loops_cross, overflow_temple_1_default, first_ration,
          uniq_sigmund, uniq_ijyb, uniq_grinder
D:4:      layout_rooms, lemuel_zombie_altar_kikubaaqudgha,
          grunt_decor_one_mirror
D:5:      layout_cave_pools, minmay_temple_entry_fiery

Skill      XL: |  1  2  3  4  5  6  7 |
---------------+----------------------+-----
Maces & Flails | 3 4 5 |  5.7
Fighting       | 4 5 |  5.3
Armour         | 4 5 |  5.3
Shields        | 4 5 |  5.3

Action                   |  1- 3 |  4- 6 |  7- 9 || total
-------------------------+-------+-------+-------++-------
Melee: Flail             |   138 |       |       ||   138
       Whip              |    27 |    50 |   128 ||   205
  Eat: Chunk             |     3 |     2 |     4 ||     9
Armor: Scale mail        |    87 |    29 |    67 ||   183
Dodge: Dodged            |    49 |    18 |    34 ||   101
Block: Shield            |    88 |    24 |    64 ||   176
